 Dungeon Crawl Stone Soup version 0.29-a0-103-g37f86683bf (webtiles) character file.

Game seed: 12393988993741849051

84 kae the Insei (level 4, -4/36 HPs)
             Began as a Draconian Transmuter on Feb 15, 2022.
             Slain by an ogre (36 damage)
             ... on level 4 of the Dungeon.
             The game lasted 00:01:25 (2511 turns).

kae the Insei (Draconian Transmuter)                Turns: 2511, Time: 00:01:26

Health: -4/36      AC:  5    Str: 12    XL:     4   Next: 23%
Magic:  7/7        EV: 12    Int: 15    God:
Gold:   93         SH:  0    Dex: 12    Spells: 3/7 levels left

rFire   . . .      SeeInvis .     - Unarmed
rCold   . . .      Faith    .   (no shield)
rNeg    . . .      Spirit   .   (armour unavailable)
rPois   .          Reflect  .   (helmet restricted)
rElec   .          Harm     .   (no cloak)
rCorr   .          Rampage  .   (no gloves)
Will    .....                   (no boots)
Stlth   +.........              (no amulet)
HPRegen 0.12/turn               (no ring)
MPRegen 0.10/turn               (no ring)

@: no status effects
A: AC +5, unfitting armour, cold-blooded
a: no special abilities


You were on level 4 of the Dungeon.
You visited 1 branch of the dungeon, and saw 4 of its levels.

You collected 93 gold pieces.

Inventory:

Jewellery
 i - an amulet of faith
Wands
 c - a wand of paralysis (14)
Scrolls
 a - 2 scrolls of teleportation
 h - a scroll of identify
 j - a scroll of vulnerability
Potions
 b - a potion of mutation
 d - a potion of might {unknown}
 e - 2 potions of curing
 f - a potion of flight {unknown}
 g - 2 potions of degeneration {unknown}


   Skills:
 + Level 1.9 Fighting
 + Level 2.2 Dodging
 * Level 3.6 Unarmed Combat
 + Level 2.3 Spellcasting
 * Level 2.9 Transmutations
 * Level 0.5 Poison Magic


You had 3 spell levels left.
You knew the following spells:

 Your Spells              Type           Power      Damage    Failure   Level
a - Beastly Appendage     Tmut           20%        N/A       6%          1
b - Spider Form           Tmut/Pois      6%         N/A       32%         3

Your spell library contained the following spells:

 Spells                   Type           Power      Damage    Failure   Level
 Wereblood                Tmut           10%        N/A       10%         2
 Ice Form                 Ice/Tmut       6%         N/A       75%         4


Dungeon Overview and Level Annotations

Branches:
Dungeon (4/15)
 Temple: D:4-7

Altars:
Kikubaaqudgha
Trog
Xom

Annotations:
D:3 1 runed translucent door, bmj180's ghost, amateur MfIE


Innate Abilities, Weirdness & Mutations

Your plain brown scales are hard. (AC +5)
You cannot fit into any form of body armour.
You are cold-blooded and may be slowed by cold attacks.


Message History

You are frozen.
You feel yourself slow down.
You feel yourself speed up. The endoplasm freezes you.
You are frozen.
The endoplasm freezes you.
You are frozen.
You hit the endoplasm.
You claw the endoplasm, but do no damage.
The endoplasm is moderately wounded.
You hit the endoplasm.
The endoplasm is almost dead.
The endoplasm hits you but does no damage.
An endoplasm is nearby!
You hit the endoplasm.
You kill the endoplasm!
No target in view!
Your transformation is almost over.
Your horns disappear.
Your talons disappear.
An ogre comes into view. It is wielding a +0 giant spiked club.
The ogre shouts!
Found a scale mail.
The ogre closely misses you.
You hit the ogre.
The ogre is moderately wounded.
The ogre barely misses you.
An ogre is nearby!
An ogre is nearby!
You barely miss the ogre. You tail-slap the ogre.
The ogre is moderately wounded.
The ogre hits you with a +0 giant spiked club.
You barely miss the ogre.
The ogre is moderately wounded.
An ogre is nearby!
You hit the ogre.
The ogre is heavily wounded.
The ogre closely misses you.
You hit the ogre. You punch the ogre.
The ogre is almost dead.
The ogre hits you with a +0 giant spiked club!!!
Ouch! That really hurt!
You die...

...#... ...[.
..#..##.....
.....#.....
#........# ..
.......##. ...
......... ##...
##.O......
##...>###?@# ..).
............##....
..................
..............##..
............###
.............#
.............#
.............##
#.............#


You could see an ogre.

Vanquished Creatures
  Jessica (D:2)
  An adder (D:3)
  An adder skeleton (D:4)
  2 worms (D:2)
  5 endoplasms
  3 giant cockroaches
  3 goblins
  4 hobgoblins
  A quokka (D:2)
  3 ball pythons
  4 bats
  2 frilled lizards
  8 kobolds
  A rat (D:1)
39 creatures vanquished.

Notes
Turn   | Place    | Note
-------+----------+-------------------------------------------
     0 | D:1      | kae the Draconian Transmuter began the quest for the Orb.
     0 | D:1      | Reached XP level 1. HP: 16/16 MP: 3/3
   444 | D:1      | Reached XP level 2. HP: 23/23 MP: 3/5
   698 | D:2      | Noticed Jessica
   705 | D:2      | Killed Jessica
   706 | D:2      | Reached XP level 3. HP: 23/29 MP: 4/6
  1406 | D:2      | Found an ancient bone altar of Kikubaaqudgha.
  1588 | D:2      | Learned a level 3 spell: Spider Form
  1663 | D:3      | Found a bloodstained altar of Trog.
  1768 | D:3      | Found a faded altar of an unknown god.
  1817 | D:3      | Found a shimmering altar of Xom.
  1891 | D:3      | Found a runed translucent door.
  1891 | D:3      | Noticed bmj180's ghost (amateur MfIE)
  2309 | D:3      | Reached XP level 4. HP: 30/36 MP: 5/7
  2505 | D:4      | Noticed an ogre
  2511 | D:4      | Slain by an ogre

Illustrated notes

Levels and vault maps discovered:
D:1:      lightli_iron_boxes, layout_rooms
D:2:      layout_rooms, basic_altar, minmay_tiny_reverse_x, uniq_jessica
D:3:      layout_rooms, lemuel_tele_altar, marbit_many_paths,
          hellmonk_ghost_happy_afterlife, hellmonk_ecumenical_altar_zigzags
D:4:      layout_cave_pools, lemuel_crystal_altar

Skill      XL: |  1  2 |
---------------+-------+-----
Dodging        | 2 |  2.2
Fighting       | |  1.9
Unarmed Combat | |  3.6
Spellcasting   | |  2.3
Transmutations | |  2.9
Poison Magic   | |  0.5

Action                   |  1- 3 |  4- 6 || total
-------------------------+-------+-------++-------
Melee: Unarmed           |    85 |    16 ||   101
       Tailslap          |    15 |     3 ||    18
       Kick              |    11 |     2 ||    13
       Headbutt          |    12 |     2 ||    14
       Punch             |     1 |     1 ||     2
 Cast: Beastly Appendage |    22 |     3 ||    25
  Use: Scroll            |     7 |       ||     7
Armor: Skin              |    25 |     3 ||    28
Dodge: Dodged            |    55 |    10 ||    65

Table legend: (Time is in decaauts)
 A = Elapsed time spent in this place.
 B = Non-inter-level travel time spent in this place.
 C = Inter-level travel time spent in this place.
 D = Time resting spent in this place.
 E = Time spent auto-exploring this place.
 F = Levels seen in this place.
 G = Mean time per level.
                   A        B        C        D        E       F      G
               +--------+--------+--------+--------+--------+-----+--------+
         Total |   2511 |   2474 |     37 |    131 |   2024 |   4 |  627.8 |
       Dungeon |   2511 |   2474 |     37 |    131 |   2024 |   4 |  627.8 |
               +--------+--------+--------+--------+--------+-----+--------+

Top non-repeatable levels by time:
     D:2: 895 daAuts
     D:3: 794 daAuts
     D:1: 698 daAuts
     D:4: 122 daAuts
